Cogmind - Beta 13 @@@ ROGUE MODE // 2024.04.01 @ 16:18:54 Player: Olafz Result: Destroyed by S-10 Pest with Light Assault Rifle Performance ------------- Evolutions (2) 1000 Regions Visited (4) 800 Robots Destroyed (14) 70 Value Destroyed (419) 419 Prototype IDs (2) 40 Alien Tech Used (0) 0 Bonus (-7) -7 TOTAL SCORE: 2322 Bonus ------- High Alert Combat Kills 11 Friendly Fire -18 Cogmind --------- Core Integrity 0/550 Matter 257/300 Energy 92/100 System Corruption 0% Temperature Cool (0) Movement Core (50) Location -8/Materials Parts ------- > --- POWER (2) -------- (None) > --- PROPULSION (2) --- (None) > --- UTILITY (5) ------ Advanced Weight Redist. System Visual Processing Unit Advanced Visual Processing Unit Improved Terrain Scan Processor > --- WEAPON (2) ------- Katana > --- INVENTORY (5) ---- Ion Engine Improved Ion Engine Seismic Detector Heavy EM Shotgun Peak State ------------ > --- POWER ------------ Light Nuclear Core Light Nuclear Core > --- PROPULSION ------- Hover Unit Aerolev Unit > --- UTILITY ---------- Advanced Weight Redist. System Visual Processing Unit Advanced Visual Processing Unit Improved Terrain Scanner Improved Terrain Scan Processor > --- WEAPON ----------- Heavy Mace Katana > --- INVENTORY -------- Ion Engine Improved Ion Engine Seismic Detector Heavy EM Shotgun [Rating: 31] Favorites ----------- Power Ion Engine Engine Ion Engine Power Core Light Nuclear Core Propulsion Aluminum Leg Leg Aluminum Leg Hover Unit Aerolev Unit Flight Unit Flight Unit Utility Sensor Array Device Sensor Array Processor Visual Processing Unit Protection Light Armor Plating Weapon Assault Rifle Energy Gun Heavy EM Shotgun Ballistic Gun Assault Rifle Impact Weapon Heavy Mace Slashing Weapon Katana Build | -11 -10 -9 -9 -8 ------- Run | Yrd Mat Mat Min Mat Slots Evolved 4 | . . 2 . 2 Power 1 | . . . . 1 Propulsion . | . . . . . Utility 3 | . . 2 . 1 Weapon . | . . . . . Parts Attached 30 | 5 2 . 5 18 Power 9 | 1 . . 2 6 Engine 6 | 1 . . 1 4 Core 3 | . . . 1 2 Reactor . | . . . . . Propulsion 7 | 2 . . 2 3 Treads . | . . . . . Leg 2 | 2 . . . . Wheel . | . . . . . Hover 2 | . . . . 2 Flight 3 | . . . 2 1 Utility 9 | . 2 . 1 6 Device 4 | . 2 . . 2 Storage . | . . . . . Processor 4 | . . . 1 3 Hackware . | . . . . . Protection 1 | . . . . 1 Artifact . | . . . . . Weapon 5 | 2 . . . 3 Energy Gun 1 | . . . . 1 Energy Cannon . | . . . . . Ballistic Gun 2 | 2 . . . . Ballistic Cannon . | . . . . . Launcher . | . . . . . Special Weapon . | . . . . . Impact Weapon 1 | . . . . 1 Slashing Weapon 1 | . . . . 1 Piercing Weapon . | . . . . . Special Melee Weapon . | . . . . . Unidentified Prototypes 2 | . . . . 2 Parts Lost 14 | . . . . 14 Power 4 | . . . . 4 Propulsion 5 | . . . . 5 Utility 3 | . . . . 3 Weapon 2 | . . . . 2 Highest Loss Streak 5 | . . . . 5 To Critical Strikes . | . . . . . Average Slot Usage (%) 75 | . 89 77 70 67 Engine 8 | . 14 11 7 3 Core 2 | . . . 3 4 Leg 11 | . 28 22 3 . Hover 2 | . . . . 7 Flight 6 | . . . 18 7 Device 17 | . 17 22 18 13 Processor 10 | . . . 6 24 Ballistic Gun 13 | . 28 22 12 . Impact Weapon 1 | . . . . 4 Slashing Weapon 1 | . . . . 2 Naked Turns . | . . . . . Heaviest Build 16 | 9 11 11 11 16 Greatest Support 23 | 20 20 20 20 23 Greatest Overweight (x) 2 | . . . 1 2 Average Overweight (x) . | . . . . . Largest Inventory Capacity 5 | 5 5 5 5 5 Average Capacity 5 | 5 5 5 5 5 Most Carried 5 | 1 2 2 5 5 Average Carried 3 | . 1 2 4 4 Final Capacity 5 | 5 5 5 5 5 Final Carried 5 | 1 2 2 5 4 Class Distribution -------------------- 79% | Mutant 20% | Scout Dominant Class ---------------- Mutant | -10/Materials Mutant | -9/Materials Mutant | -9/Mines Scout | -8/Materials Resources | -11 -10 -9 -9 -8 ----------- Run | Yrd Mat Mat Min Mat Matter Collected 579 | 160 74 91 182 72 Remotely . | . . . . . Salvage Created 479 | . 74 154 137 114 Parts 37 | . 2 13 13 9 Haulers Intercepted . | . . . . . Recyclers Shooed . | . . . . . Parts Field Recycled . | . . . . . Retrieved Matter . | . . . . . Parts Self-Destructed . | . . . . . Prevented . | . . . . . Kills | -11 -10 -9 -9 -8 ------- Run | Yrd Mat Mat Min Mat Combat Hostiles Destroyed 14 | . 2 4 5 3 Melee 3 | . . . . 3 Guns 11 | . 2 4 5 . Classes Destroyed 4 | . 1 1 1 1 Swarmer 4 | . . . 3 1 Grunt 8 | . 2 3 2 1 Brawler 1 | . . 1 . . Sentry 1 | . . . . 1 Best Kill Streak 4 | . 2 2 4 2 Combat Bots Only 4 | . 2 2 4 2 Max Kills in Single Turn 2 | . 1 1 2 1 Gunslinging . | . . . . . Exploded . | . . . . . Melee 1 | . . . . 1 Uniques/NPCs Destroyed . | . . . . . Combat | -11 -10 -9 -9 -8 -------- Run | Yrd Mat Mat Min Mat Hostile Shots Fired 196 | . 6 16 30 144 Missed 69 | . 2 9 12 46 Damage Taken 1656 | . 42 82 204 1328 Core 637 | . 20 . 64 553 Absorbed by Shields . | . . . . . Core Remaining (%) 92 | 100 92 . 84 . Volleys Fired 43 | . 5 16 18 4 Largest 2 | . 2 2 2 1 Hottest 40 | . 40 40 40 20 Shots Fired 67 | . 10 32 21 4 Gun 67 | . 10 32 21 4 Cannon . | . . . . . Launcher . | . . . . . Special . | . . . . . Kinetic 67 | . 10 32 21 4 Thermal . | . . . . . Explosive . | . . . . . Electromagnetic . | . . . . . Robot Hit Streak 8 | . 4 8 7 2 Robot Miss Streak 5 | . 2 5 1 1 Penetration Max . | . . . . . Secondary Targets . | . . . . . Shots Hit Robots 48 | . 6 19 14 9 Core Hits 22 | . 3 8 9 2 Critical Kills . | . . . . . Critical Parts Destroyed . | . . . . . Critical Strikes . | . . . . . Melee Attacks 24 | . . . . 24 Impact 6 | . . . . 6 Slashing 18 | . . . . 18 Piercing . | . . . . . Sneak Attacks . | . . . . . Combat Hostiles . | . . . . . Follow-up Attacks . | . . . . . Damage Inflicted 812 | 2 77 247 236 250 Guns 582 | . 77 247 236 22 Cannons . | . . . . . Explosions . | . . . . . Melee 220 | . . . . 220 Ramming 10 | 2 . . . 8 Kinetic 582 | . 77 247 236 22 Thermal . | . . . . . Explosive . | . . . . . Electromagnetic . | . . . . . Impact . | . . . . . Slashing 220 | . . . . 220 Piercing . | . . . . . Highest Corruption 1 | . . 1 1 . Average Corruption 1 | . . 1 1 . Corruption Purged . | . . . . . Corruption Blocked . | . . . . . Effects 1 | . . . 1 . Message Errors 1 | . . . 1 . Overload Shots . | . . . . . Overflow Damage 15 | . . . . 15 Projectiles . | . . . . . Explosions . | . . . . . Melee 15 | . . . . 15 Knockbacks . | . . . . . Impact . | . . . . . Kinetic . | . . . . . Secondary . | . . . . . Self-Inflicted Damage 4 | . . . . 4 Shots . | . . . . . Rammed 2 | . . . . 2 Targets Rammed 3 | 1 . . . 2 Kicked 1 | 1 . . . . Crushed . | . . . . . Highest Temperature 27 | . . . 16 27 Average Temperature 12 | . . . 10 12 Received Heat Transfer 780 | . 24 39 105 612 Siege Activations . | . . . . . Robots Corrupted . | . . . . . Combat Hostiles . | . . . . . Parts Fried . | . . . . . Impact Corruptions . | . . . . . Robots Melted . | . . . . . Combat Hostiles . | . . . . . Parts Melted . | . . . . . Heat Transferred . | . . . . . Parts Sabotaged . | . . . . . Parts Stolen . | . . . . . Parts Stripped . | . . . . . Power Chain Reactions . | . . . . . Alert | -11 -10 -9 -9 -8 ------- Run | Yrd Mat Mat Min Mat Peak Influence 404 | . 75 158 196 404 Initial 76 | . . 31 61 76 Average 122 | . 13 79 152 220 Maximum Alert Level 2 | . . . . 2 Low Security (%) 80 | 100 100 100 100 46 Level 1 18 | . . . . 53 Level 2 . | . . . . . Level 3 . | . . . . . Level 4 . | . . . . . Level 5 . | . . . . . High Security . | . . . . . Max Security . | . . . . . Squads Dispatched 6 | . 2 1 . 3 Investigation 3 | . 1 1 . 1 Extermination . | . . . . . Reinforcement 3 | . 1 . . 2 Assault . | . . . . . Garrison . | . . . . . Intercept . | . . . . . Searches Triggered . | . . . . . Construction Impeded . | . . . . . Haulers Reinforced . | . . . . . Active Scanning Responses . | . . . . . Cargo Convoy Interrupts . | . . . . . Stealth | -11 -10 -9 -9 -8 --------- Run | Yrd Mat Mat Min Mat Distress Signals 4 | . . 3 . 1 Communications Jammed . | . . . . . Distress Signals . | . . . . . Times Spotted 47 | . 3 8 7 29 Peak Tracking Total 9 | . 3 6 3 9 Tactical Retreats 6 | . . . . 6 Traps | -11 -10 -9 -9 -8 ------- Run | Yrd Mat Mat Min Mat Traps Triggered 1 | . 1 . . . Indirectly . | . . . . . Trap Hack Attempts . | . . . . . Triggered . | . . . . . Disarmed . | . . . . . Reprogrammed . | . . . . . Reused . | . . . . . Traps Extracted . | . . . . . Installed . | . . . . . Triggered . | . . . . . Machines | -11 -10 -9 -9 -8 ---------- Run | Yrd Mat Mat Min Mat Machines Disabled . | . . . . . Max in Single Turn . | . . . . . Machines Repaired . | . . . . . Machines Dismantled . | . . . . . Machines Sabotaged . | . . . . . Overloaded Fab Kills . | . . . . . Hacking | -11 -10 -9 -9 -8 --------- Run | Yrd Mat Mat Min Mat Machines Accessed 2 | . 1 1 . . Terminals 2 | . 1 1 . . Fabricators . | . . . . . Repair Stations . | . . . . . Recycling Units . | . . . . . Scanalyzers . | . . . . . Garrison Access . | . . . . . Total Hacks 3 | . 1 2 . . Successful 1 | . . 1 . . Failed 2 | . 1 1 . . Catastrophic 2 | . 1 1 . . Database Lockouts . | . . . . . Manual 1 | . 1 . . . Terminals 3 | . 1 2 . . Fabricators . | . . . . . Repair Stations . | . . . . . Recycling Units . | . . . . . Scanalyzers . | . . . . . Garrison Access . | . . . . . Terminal Hacks 1 | . . 1 . . Record 1 | . . 1 . . Fabricator Hacks . | . . . . . Repair Station Hacks . | . . . . . Recycling Unit Hacks . | . . . . . Scanalyzer . | . . . . . Garrison Access Hacks . | . . . . . Unauthorized Hacks . | . . . . . Terminals . | . . . . . Fabricators . | . . . . . Repair Stations . | . . . . . Recycling Units . | . . . . . Scanalyzers . | . . . . . Garrison Access . | . . . . . Data Cores Recovered . | . . . . . Used . | . . . . . Hacking Detections 2 | . 1 1 . . Full Trace Events 1 | . . 1 . . Feedback Events 1 | . . 1 . . Corruption 1 | . . 1 . . Feedback Blocked . | . . . . . Robot Schematics Acquired . | . . . . . Robots Built . | . . . . . Authchips . | . . . . . Time . | . . . . . Total Robot Build Rating . | . . . . . Part Schematics Acquired . | . . . . . Parts Built . | . . . . . Authchips . | . . . . . Time . | . . . . . Total Part Build Rating . | . . . . . Parts Repaired . | . . . . . Time . | . . . . . Parts Recycled . | . . . . . Recycled Matter . | . . . . . Retrieved Matter . | . . . . . Retrieved Components . | . . . . . Parts Scanalyzed . | . . . . . Part Schematics Acquired . | . . . . . Parts Damaged . | . . . . . Bothacking | -11 -10 -9 -9 -8 ------------ Run | Yrd Mat Mat Min Mat Used RIF Installer . | . . . . . Robots Hacked . | . . . . . Non-combat . | . . . . . Combat . | . . . . . Robot Hacks Applied . | . . . . . Relay Couplers Released . | . . . . . Fabnet Peak Effective % . | . . . . . Robots Rewired . | . . . . . Allies Hacked . | . . . . . Hacks Repelled . | . . . . . Allies | -11 -10 -9 -9 -8 -------- Run | Yrd Mat Mat Min Mat Total Allies . | . . . . . Largest Group . | . . . . . Highest-Rated Group . | . . . . . Highest-Rated Ally . | . . . . . Total Orders . | . . . . . Ally Attacks . | . . . . . Total Damage . | . . . . . Kills . | . . . . . Allies Corrupted . | . . . . . Allies Melted . | . . . . . Intel | -11 -10 -9 -9 -8 ------- Run | Yrd Mat Mat Min Mat Robot Analysis Total . | . . . . . Derelict Logs Recovered 1 | . . . 1 . Drone Launches . | . . . . . Drone Recoveries . | . . . . . Exploration | -11 -10 -9 -9 -8 ------------- Run | Yrd Mat Mat Min Mat Turns Passed 942 | 55 219 169 166 333 Spaces Moved 1096 | 42 167 101 269 517 Core 43 | 6 . . . 37 Treads . | . . . . . Legs 314 | 36 167 101 10 . Wheels . | . . . . . Hover 191 | . . . . 191 Flight 548 | . . . 259 289 Fastest Speed 37 | 50 120 120 37 37 Average Speed 65 | 110 120 120 40 45 Slowest Speed 150 | 120 120 120 120 150 Overloaded Moves . | . . . . . Propulsion Burnouts . | . . . . . Robots Hopped . | . . . . . Cave-ins Triggered . | . . . . . Exploration Rate (%) 30 | 5 32 12 57 47 Regions Visited 4 Branch Regions 1 Pre-discovered Areas . | . . . . . Known Exits Taken . | . . . . . Unknown Exits Taken 4 | 1 1 1 1 . Scrap Searched . | . . . . . Spaces Dug 10 | . . . . 10 Terrain Destroyed 10 | . . . . 10 Melee 10 | . . . . 10 Projectile . | . . . . . AOE . | . . . . . Terrain Rammed . | . . . . . Walls Destroyed . | . . . . . Machines Disabled . | . . . . . Actions | -11 -10 -9 -9 -8 --------- Run | Yrd Mat Mat Min Mat Total 1220 | 48 174 117 309 572 Wait 6 | . . 1 4 1 Move 1093 | 42 166 100 268 517 Hop . | . . . . . Pick Up 11 | 1 1 . 6 3 Fast Attach 18 | 5 2 . 1 10 Attach 10 | . . . 3 7 Detach 6 | . . . 2 4 Swap 2 | . . . 1 1 Drop 7 | . . . 6 1 Fire 43 | . 5 16 18 4 Melee 22 | . . . . 22 Ram 2 | . . . . 2 Kick . | . . . . . Crush . | . . . . . Escape Stasis . | . . . . . Rewire . | . . . . . Trap . | . . . . . Miscellaneous . | . . . . . Route ------- -11/Scrapyard -10/Materials -9/Materials -9/Mines -8/Materials (discovered 1 exit: [*Sto]) History --------- Turn | Location | Event 7 | -11/Scrapyard | Discovered new exit (range 15) 56 | -11/Scrapyard | Entered Materials 254 | -10/Materials | Discovered new exit (range 15) 275 | -10/Materials | Entered another Materials area 275 | -9/Materials | Evolved 2 slots: Utility x2 304 | -9/Materials | Build established: Mutant 424 | -9/Materials | Discovered new exit (range 7) 444 | -9/Materials | Entered Mines 486 | -9/Mines | Learned Materials stockpile data 500 | -9/Mines | Joined a pair of Derelicts in attacking an 0b10 outpost 603 | -9/Mines | Discovered new exit (range 14) 610 | -9/Mines | Entered Materials 610 | -8/Materials | Evolved 2 slots: Power x1, Utility x1 610 | -8/Materials | Discovered new exit (range 7) 693 | -8/Materials | Lost 3 parts (1p1n1w) 789 | -8/Materials | Lost 3 parts (2n1u) 898 | -8/Materials | Core integrity fell below 50% 910 | -8/Materials | Core integrity fell below 20% 925 | -8/Materials | Lost 5 parts (2p2n1u) 943 | -8/Materials | Destroyed by S-10 Pest with Light Assault Rifle Last Messages --------------- 00877_ Hover Unit destroyed. 00879_ Lgt. Nuclear Core destroyed. 00881_ Imp. Terrain Scanner destroyed. 00884_ Y-45 Defender destroyed. 00885_ Critical hit (Burn: +37). 00887_ Acquired 60 matter. 00889_ Lgt. Nuclear Core destroyed. 00889_ Critical hit (Burn: +37). 00894_ Aerolev Unit destroyed. 00895_ K-01 Serf collects debris. 00900_ Critical hit (Burn: +37). 00902_ K-01 Serf collects debris. 00911_ Acquired Lgt. Armor Plating. 00912_ K-01 Serf collects debris. 00932_ Destroyed Flight Unit. 00932_ S-10 Pest destroyed. 00935_ Acquired 12 matter. 00939_ G-47 Trooper destroyed. 00940_ Hvy. Mace destroyed. 00941_ Lgt. Armor Plating destroyed. Map ----- +----------------------------------------------------+ | | | | | | | | | | | | | | | | | | | | | | | | | | | ######?##?#??#?#??#??#############???????????????? | | #??????########??# #?????? ?? ?????? | | ###????#! #??# ] #??#?? ??"" ???? | | """ #??##?## #??# ##?#? ??????????? | | """ #???#??# "" #??# """ """ #????!?????? ???? | | """ #??#?#?# "T #?## """ """ #???? ??????????? | | ######## "" #### """ """ #??????????? ???? | | #+### # " " #????? ?? ???#?? | | ##+#############+######?## ?? ????#?? | | "%" ########+###??#?? | | " #????? | | ^ #################+# #?#??? | | ##### ##?## s [@gg # ######### | | ?#??########???# """ """s""" # # | | ??????????????# """ """ """g# + """ "" | | ? ? ? ??? ??#??? """ """g""" # !! # """ "" | | ??? ? ??????#???? g # !! # """ T" | | ?? ????? ?????#? = ] # # "" | | ??? ??? #?#??################/#"##### #? """ "" | | ? =?????? ???##?###????#??# ### #? """ | | ??????#??????#???????#?#??# + # """ | | ?#??#????????#???##??##???# ### # | | ??#????????????????????#?## ### #?####### | | ??#? ?? ???????#?????????## ### #?# | | ??????? ??????????????????# #?# !#?# === | | ??????????????????????????# ###![### == | | ??????????????????????????# """= ### == | | ??????????????????????????############ [*!######## | | ?????????????????????????????????????# | | ????????????????????????????#???##?#?# | | ?????????????????????????????#?????#?# ##"##### | | ?????????????????????????????????#?#?###### | | ???????????????????????????#???#????#?#?### | | ??????????????????????????????#?????#?##??# | | ?????????????????????????????#??????##?#?## | | ??????????????????????????????#??###????### ! | | ??????????????????????????????#??#???????## | +----------------------------------------------------+ Best States ------------- Heat Dissipation 31 Energy Generation 23 Energy Capacity 250 Matter Stores 300 Matter Capacity 300 Sight Range 20 Robot Scan Range 14 Terrain Scan Range 16 Terrain Scan Density 110 Additional Mass Support 9 Armor Coverage 150 Evasion (%) 62 Salvage Targeting 1 Item Schematics ----------------- None Robot Schematics ------------------ None Fabricated ------------ Nothing Alien Tech Used ----------------- None Achievements -------------- Omniscient Cartographer Challenges ------------ None Game ------ Seed SwarmRocketMount Manual? 0 Play Time 00:27:05 Cumulative 7.4 hours Start 2024.04.01 @ 15:45:35 End 2024.04.01 @ 16:18:54 Sessions 1 Manual Loads 0 Difficulty Rogue Special Mode None Game No. 18 Rogue 16 Adventurer 2 Explorer 0 Win Type - Total 0 Types 0/0/0/0/0/0/0/0/0 Lore% 14 Gallery% 14 Achievement% 15 Wizard Run 0 Options --------- Layout 0 ASCII 0 Keyboard 1 Movement Arrows Keybinds 0 Fullscreen 2 Font 18/SmallcapsGlow Map View 76x50 Zoom Use 0% Tactical HUD 1 Map Filters NONE Filters NONE Steam 1 RUN: a1b5228a-74af-4e81-9698-6656657c3207